 Dungeon Crawl Stone Soup version 0.29.1-2-gbd0b4ee654 (webtiles) character file.

Game seed: 17073745478290457704

231 MTVSty1e the Chopper (level 5, -9/48 HPs)
             Began as a Minotaur Fighter on Oct 23, 2022.
             Mangled by an orc warrior
             ... wielding a +0 glaive
              (13 damage)
             ... on level 3 of the Dungeon.
             The game lasted 00:02:23 (2361 turns).

MTVSty1e the Chopper (Minotaur Fighter)             Turns: 2361, Time: 00:02:23

Health: -9/48      AC:  8    Str: 23    XL:     5   Next: 72%
Magic:  4/4        EV:  6    Int:  5    God:
Gold:   165        SH: 13    Dex:  9    Spells: 4/4 levels left

rFire   . . .      SeeInvis .   a - +0 war axe
rCold   . . .      Faith    .   g - +2 tower shield
rNeg    . . .      Spirit   .   b - +0 scale mail
rPois   .          Reflect  .   (helmet restricted)
rElec   .          Harm     .   (no cloak)
rCorr   .          Rampage  .   (no gloves)
Will    .....                   s - +0 pair of boots
Stlth   ..........              (no amulet)
HPRegen 0.16/turn               t - ring of flight
MPRegen 0.09/turn               (no ring)

@: mighty, flying
A: horns 2, retaliatory headbutt
a: no special abilities


You were on level 3 of the Dungeon.
You visited 1 branch of the dungeon, and saw 3 of its levels.

You collected 165 gold pieces.

Inventory:

Hand Weapons
 a - a +0 war axe (weapon)
Armour
 b - a +0 scale mail (worn)
 c - a +0 buckler
 g - a +2 tower shield (worn)
 s - a +0 pair of boots (worn)
Jewellery
 f - a ring of wizardry
 t - a ring of flight (left hand)
Wands
 p - a wand of flame (10)
Scrolls
 h - a scroll of poison {unknown}
 i - 3 scrolls of identify {unknown}
 n - a scroll of magic mapping {unknown}
 o - a scroll of enchant armour {unknown}
 r - a scroll of brand weapon {unknown}
 u - a scroll of teleportation {unknown}
Potions
 e - 4 potions of curing {unknown}
 j - 2 potions of brilliance {unknown}
 k - a potion of attraction {unknown}
 l - a potion of ambrosia {unknown}
 m - a potion of haste {unknown}
 q - 2 potions of heal wounds {unknown}
 v - a potion of berserk rage {unknown}


   Skills:
 + Level 5.4 Fighting
 * Level 6.1 Axes
 - Level 3.6 Armour
 - Level 3.6 Shields


You had 4 spell levels left.
You didn't know any spells.
Your spell library contained the following spells:

 Spells                   Type           Power      Damage    Failure   Level
 Dazzling Flash           Conj/Hex       0%         N/A       100%        3
 Iskenderun's Mystic Bla  Conj/Tloc      0%         2d3       100%        4
 Starburst                Conj/Fire      0%         6d3       100%        6


Dungeon Overview and Level Annotations

Branches:
Dungeon (3/15)

Altars:
Elyvilon
Wu Jian


Innate Abilities, Weirdness & Mutations

You have a pair of horns on your head.
You reflexively headbutt those who attack you in melee.


Message History

No target in view!
No target in view!
No target in view!
No target in view!
Things that are here:
a +0 short sword; a kobold corpse
v - a ruby potion You reach down and open the large door.
An orc warrior comes into view.
It is wielding a +0 glaive and quivering silver boomerangs.
Found a mace.
An orc warrior is nearby!
An orc comes into view. It is wielding a +0 dagger.
The orc shouts!
The orc warrior throws a silver boomerang.
The silver boomerang hits you!
The orc warrior throws a silver boomerang.
You block the silver boomerang.
The orc warrior throws a silver boomerang.
The silver boomerang barely misses you.
Okay, then.
You feel very mighty all of a sudden.
You slash the orc!
You kill the orc!
You barely miss the orc warrior.
The orc warrior hits you with a +0 glaive.
An orc comes into view. It is wielding a +0 mace.
The orc warrior hits you with a +0 glaive!
You see here a +0 dagger.
You closely miss the orc warrior. You block the orc warrior's attack.
The orc warrior hits you with a +0 glaive!
* * * LOW HITPOINT WARNING * * *
You hit the orc warrior. Your headbutt misses the orc warrior.
The orc warrior is lightly wounded.
The orc warrior hits you with a +0 glaive.
* * * LOW HITPOINT WARNING * * *
You closely miss the orc warrior.
The orc warrior is lightly wounded.
You closely miss the orc.
The orc warrior hits you with a +0 glaive!
You die...

#..≈≈≈≈≈≈≈≈≈.......##....######
#..≈..§..§.§.......'...........
#..≈.#.###.≈.......############
#..≈.#...#.§.......#
#....#._.#.≈§'######
#..≈.#...#.≈.'# #..§.###)#.§.##
## #..≈.......§..### #.
##.≈§≈≈≈≈≈≈§§o@.# #.
#....§.......#o# #.
########.....#.# #. ##(.#.#.#
#. #..###.# #. #..#...###### #.
#..#.##.....#### #. .. #.
#......... #. ## # #.........
#.


You could see an orc warrior and an orc.

Vanquished Creatures
  2 orc priests (D:3)
  Robin (D:2)
  6 gnolls
  3 adders (D:3)
  A worm (D:2)
  2 dart slugs
  4 orcs (D:3)
  4 endoplasms
  3 giant cockroaches
  9 goblins
  9 hobgoblins
  3 jackals (D:1)
  5 kobolds
  2 quokkas (D:1)
  4 ball pythons
  3 bats (D:1)
  A frilled lizard (D:3)
  9 rats
71 creatures vanquished.

Vanquished Creatures (others)
  A goblin (D:2)
1 creature vanquished.

Grand Total: 72 creatures vanquished

Notes
Turn   | Place    | Note
-------+----------+-------------------------------------------
     0 | D:1      | MTVSty1e the Minotaur Fighter began the quest for the Orb.
     0 | D:1      | Reached XP level 1. HP: 19/19 MP: 0/0
    18 | D:1      | Reached skill level 3 in Axes
   153 | D:1      | Reached XP level 2. HP: 27/27 MP: 1/1
   255 | D:1      | Reached XP level 3. HP: 33/33 MP: 2/2
   262 | D:1      | Found a faded altar of an unknown god.
   566 | D:1      | Reached skill level 4 in Axes
   717 | D:2      | Reached XP level 4. HP: 36/41 MP: 3/3
  1345 | D:2      | Reached skill level 5 in Axes
  1505 | D:2      | Noticed Robin
  1521 | D:2      | Killed Robin
  1716 | D:3      | Reached XP level 5. HP: 47/47 MP: 4/4
  1788 | D:3      | Reached skill level 5 in Fighting
  2035 | D:3      | Found a white marble altar of Elyvilon.
  2046 | D:3      | Reached skill level 6 in Axes
  2313 | D:3      | Found an ornate altar of the Wu Jian Council.
  2339 | D:3      | Noticed an orc warrior
  2361 | D:3      | Mangled by an orc warrior

Illustrated notes

Levels and vault maps discovered:
D:1:      spicycebolla_green_bress_n_ham, layout_basic,
          ebering_ecumenical_altar_hall
D:2:      layout_basic, hangedman_decor_peaks_small, uniq_robin
D:3:      layout_basic, elyvilon_altar_5, mainiacjoe_overflow_brackets,
          minivault_25, minivault_23

Skill      XL: |  1  2  3  4  5 |
---------------+----------------+-----
Axes           | 3 4 5 6 |  6.1
Fighting       | 4 5 |  5.4
Armour         | |  3.6
Shields        | |  3.6

Action                   |  1- 3 |  4- 6 || total
-------------------------+-------+-------++-------
Melee: War axe           |    46 |    85 ||   131
       Headbutt          |     4 |    10 ||    14
  Use: Potion            |       |     1 ||     1
Armor: Scale mail        |    18 |    24 ||    42
Dodge: Dodged            |    17 |    18 ||    35
Block: Buckler           |     6 |       ||     6
       Tower shield      |    16 |    57 ||    73
